 Dungeon Crawl Stone Soup version 0.30-a0-949-g53dc5368d7 (webtiles) character file.

Game seed: 2861656450679662082

278 Bnni the Digger (level 6, -3/46 HPs)
             Began as a Formicid Earth Elementalist on Mar 27, 2023.
             Slain by an ice beast (4 damage)
             ... on level 4 of the Dungeon.
             The game lasted 00:04:50 (3675 turns).

Bnni the Digger (Formicid Earth Elementalist)       Turns: 3675, Time: 00:04:51

Health: -3/46      AC:  2    Str: 12    XL:     6   Next: 51%
Magic:  0/10       EV: 17    Int: 23    God:
Gold:   163        SH:  0    Dex: 14    Spells: 5/11 levels left

rFire   + . .      SeeInvis +    e - +1 dagger (protect)
rCold   + . .      Faith    .    (no shield)
rNeg    . . .      Spirit   +    a - +0 robe
rPois   +          Reflect  .    (helmet unavailable)
rElec   +          Rampage  .    (no cloak)
rCorr   +                        (no gloves)
Will    .....                    (no boots)
Stlth   ++                       h - amulet of guardian spirit
HPRegen 0.27/turn                w - +6 ring of intelligence
MPRegen 0.12/turn                E - +5 ring of evasion

@: mighty, resistant
A: permanent stasis, dig shafts and tunnels, antennae 3, four strong arms
a: Dig, Shaft Self


You were on level 4 of the Dungeon.
You visited 1 branch of the dungeon, and saw 4 of its levels.

You collected 163 gold pieces.

Inventory:

Hand Weapons
 e - a +1 dagger of protection (weapon)
 A - a +2 dagger of electrocution
Missiles
 y - 2 poisoned darts
Armour
 a - a +0 robe (worn)
 k - a +0 chain mail
 r - a +0 scale mail
Jewellery
 h - an amulet of guardian spirit (around neck)
 w - a +6 ring of intelligence (left hand)
 x - a ring of flight
 E - a +5 ring of evasion (right hand)
Wands
 p - a wand of flame (6)
 v - a wand of acid (3)
Scrolls
 c - 2 scrolls of noise {unknown}
 d - a scroll of butterflies {unknown}
 f - 6 scrolls of identify {unknown}
 j - 2 scrolls of amnesia {unknown}
 l - 2 scrolls of enchant armour {unknown}
 m - a scroll of acquirement {unknown}
 o - 2 scrolls of teleportation {unknown}
 q - 5 scrolls of enchant weapon {unknown}
 s - a scroll of blinking {unknown}
 u - a scroll of magic mapping {unknown}
 B - a scroll of brand weapon {unknown}
 D - a scroll of poison {unknown}
Potions
 b - a potion of magic
 g - a potion of heal wounds {unknown}
 i - 2 potions of lignification {unknown}
 n - a potion of brilliance {unknown}
 t - a potion of might
 z - a potion of curing {unknown}
 C - a potion of attraction {unknown}


   Skills:
 + Level 2.9 Fighting
 - Level 1.7 Dodging
 - Level 2.4 Stealth
 - Level 3.0 Spellcasting
 - Level 3.0 Transmutations
 * Level 6.1 Earth Magic


You had 5 spell levels left.
You knew the following spells:

 Your Spells              Type           Power      Damage    Failure   Level
a - Sandblast             Erth           62%        2d14      1%          1
b - Passwall              Tmut/Erth      20%        N/A       2%          2
c - Stone Arrow           Conj/Erth      34%        3d9       10%         3

Your spell library contained the following spells:

 Spells                   Type           Power      Damage    Failure   Level
 Beastly Appendage        Tmut           34%        N/A       3%          1
 Wereblood                Tmut           17%        N/A       4%          2
 Apportation              Tloc           6%         N/A       12%         1
 Necrotise                Necr           12%        1d4       12%         1
 Summon Small Mammal      Summ           12%        N/A       12%         1
 Lesser Beckoning         Tloc           6%         N/A       17%         2
 Petrify                  Tmut/Erth      24%        N/A       17%         4
 Spider Form              Tmut/Pois      10%        N/A       19%         3
 Gell's Gravitas          Tloc           3%         N/A       34%         3
 Teleport Other           Tloc           3%         N/A       34%         3


Dungeon Overview and Level Annotations

Branches:
Dungeon (4/15)
 Temple: D:4-7

Altars:
Uskayaw
Zin

Annotations:
D:4 1 transporter


Innate Abilities, Weirdness & Mutations

You cannot be hasted, slowed, berserked, paralysed or teleported.
You can dig through walls and to a lower floor.
You have a pair of large antennae on your head. (SInv)
Your four strong arms can wield two-handed weapons with a shield.


Message History

The puff of flame hits the ice beast.
The ice beast melts!
The ice beast is lightly wounded.
The ice beast hits you.
* * * LOW HITPOINT WARNING * * *
The ice beast freezes you. You resist.
* * * LOW HITPOINT WARNING * * *
Magic courses through your body. The ice beast barely misses you.
Aiming: Sandblast (safe; 1% risk of failure)
Press: ? - help, Q - select action, (/) - cycle Shift-Dir - straight line, f/p - ice beast
Aim: an ice beast (freezing vapour, lightly wounded, 84% to hit)
The blast of sand misses the ice beast.
The ice beast misses you.
The ice beast hits you but does no damage.
The ice beast hits you.
* * * LOW HITPOINT WARNING * * *
The ice beast freezes you. You resist.
* * * LOW HITPOINT WARNING * * *
The ice beast misses you.
Aiming: Throw Flame
Press: ? - help, Shift-Dir - straight line, f/p - ice beast
Aim: an ice beast (freezing vapour, lightly wounded, 68% to hit)
The puff of flame hits the ice beast.
The ice beast is lightly wounded.
You hear a sizzling sound!
The ice beast hits you.
* * * LOW HITPOINT WARNING * * *
The ice beast freezes you! You resist.
* * * LOW HITPOINT WARNING * * *
The ice beast misses you.
Aiming: Throw Flame
Press: ? - help, Shift-Dir - straight line, f - ice beast, p - ice beast
Aim: an ice beast (68% to hit)
The puff of flame misses the ice beast.
You hear a sizzling sound!
The ice beast completely misses you.
The ice beast hits you but does no damage.
It was a potion of might.
You feel very mighty all of a sudden. The ice beast closely misses you.
The ice beast hits you.
You die...

##........#.# ####.........##
#.......##.# #..........#
#..#.#.##..########..........#
##....#.##.###°☼.○☼########...##
......†......#○☼°☼°#.○°○.○#....##
##..#...##.###☼☼○○○#☼○°○○.#.....#
....##..#....#$$.°°'.#.#°○#..##.#
....##..#...©#©(Y○☼☼...©..#©..#.#
.......>.....#!$@○○○.#.#..#...#.#
.<...####.#.##°☼Y°☼#☼○°°°○#...#..
.............#○○°○°#○○○○○°#......
....#####.#.##○○○°○########>.....
....# ##.....########........#...
#######...###.##............###..
#....# #..########..######..
######.#.## ##....######.......#.
.......#.# ####....#########..#


You could see 2 ice beasts.

Vanquished Creatures
  An ice beast (D:4)
  A scorpion (D:4)
  Robin (D:2)
  3 adders
  2 worms
  A dart slug (D:3)
  An orc (D:3)
  2 bats
  8 endoplasms
  3 giant cockroaches
  11 goblins
  10 hobgoblins
  11 kobolds
  4 quokkas
  5 ball pythons
  5 frilled lizards
  5 rats
74 creatures vanquished.

Vanquished Creatures (others)
  A plant (D:2)
1 creature vanquished.

Grand Total: 75 creatures vanquished

Notes
Turn   | Place    | Note
-------+----------+-------------------------------------------
     0 | D:1      | Bnni the Formicid Earth Elementalist began the quest for
                  | the Orb.
     0 | D:1      | Reached XP level 1. HP: 13/13 MP: 3/3
   183 | D:1      | Reached XP level 2. HP: 20/20 MP: 3/5
   340 | D:1      | Reached skill level 4 in Earth Magic
   748 | D:1      | Reached XP level 3. HP: 25/25 MP: 4/6
   990 | D:1      | Reached skill level 1 in Fighting
  1149 | D:1      | Learned a level 2 spell: Passwall
  1153 | D:1      | Learned a level 3 spell: Stone Arrow
  1343 | D:2      | Found a hide-covered altar of Uskayaw.
  1558 | D:2      | Noticed Robin
  1567 | D:2      | Reached XP level 4. HP: 30/30 MP: 5/8
  1586 | D:2      | Killed Robin
  2441 | D:3      | Reached XP level 5. HP: 38/38 MP: 7/9
  3003 | D:4      | Found a glowing silver altar of Zin.
  3019 | D:4      | Found a transporter.
  3086 | D:4      | Reached skill level 5 in Earth Magic
  3217 | D:4      | Found a transporter.
  3656 | D:4      | Noticed an ice beast
  3656 | D:4      | Noticed an ice beast
  3664 | D:4      | Killed an ice beast
  3665 | D:4      | Reached skill level 6 in Earth Magic
  3665 | D:4      | Reached XP level 6. HP: 43/46 MP: 1/10
  3665 | D:4      | Noticed an ice beast
  3673 | D:4      | HP: 1/46 [ice beast (3)]
  3675 | D:4      | Slain by an ice beast

Illustrated notes

Levels and vault maps discovered:
D:1:      dpeg_arrival_rooms_a, layout_loops_corners
D:2:      layout_basic, basic_altar, serial_bayou_crossing, uniq_robin
D:3:      layout_loops_ring, serial_park_tiny_pond, minmay_vboxes
D:4:      gammafunk_cloud_chamber, layout_rooms, zin_academy, serial_park_tiny_1

Skill      XL: |  1  2  3  4  5 |
---------------+----------------+-----
Earth Magic    | 4 6 |  6.1
Fighting       | 1 2 |  2.9
Transmutations | 2 3 |  3.0
Spellcasting   | 3 |  3.0
Dodging        | |  1.7
Stealth        | |  2.4

Action                     |  1- 3 |  4- 6 || total
---------------------------+-------+-------++-------
  Melee: Unarmed           |     3 |       ||     3
         Whip              |     3 |    16 ||    19
         Dagger            |       |     3 ||     3
   Cast: Sandblast         |    40 |    54 ||    94
Ability: Dig               |     1 |       ||     1
  Evoke: Wand              |       |     4 ||     4
    Use: Potion            |       |     3 ||     3
 Armour: Robe              |     4 |     9 ||    13
  Dodge: Dodged            |     8 |    38 ||    46

Table legend: (Time is in decaauts)
 A = Elapsed time spent in this place.
 B = Non-inter-level travel time spent in this place.
 C = Inter-level travel time spent in this place.
 D = Time resting spent in this place.
 E = Time spent auto-exploring this place.
 F = Levels seen in this place.
 G = Mean time per level.
                   A        B        C        D        E       F      G
               +--------+--------+--------+--------+--------+-----+--------+
         Total |   3723 |   3601 |    122 |    260 |   2891 |   4 |  930.8 |
       Dungeon |   3723 |   3601 |    122 |    260 |   2891 |   4 |  930.8 |
               +--------+--------+--------+--------+--------+-----+--------+

Top non-repeatable levels by time:
     D:1: 1192 daAuts
     D:2: 963 daAuts
     D:3: 887 daAuts
     D:4: 679 daAuts
